cohdb
Replays
Latest Replays
All Replays
Popular Replays
Top Player Replays
Match Explorer
How It Works
Community
CoH3 Stats
Reddit
Sign in to upload your games and track your stats! →
Sign in with Steam
Match 41995415
Unlisted
Match 41995415
Overview
Messages
Build Orders
End
Vickers Machine Gun Team
Construct Section Command Post
Selects Canadian Shock Battlegroup
Selects Canadian Shock Battlegroup
Selects Canadian Shock Battlegroup
Selects Canadian Shock Battlegroup
Selects Canadian Shock Battlegroup
Royal Engineer Section
ML 3-inch Mortar Team
Construct Platoon Command Post
Selects Incendiary Munitions
6-pounder Anti-tank Gun Team
Humber Armored Car
Selects Pyrotechnics
Kidnappings
HeroSandwich
sirlobin
ironhead1125
Leo Major
resonanc3
Speculator
Unsafe
0
0
Comments
sign in to comment!
No comments posted yet!